 Dungeon Crawl Stone Soup version 0.30.0-29-ga12c61a403 (webtiles) character file.

Game seed: 4937238578724641504

1754 LustLizard the Gusty (level 9, -7/59 HPs)
             Began as an Octopode Air Elementalist on June 25, 2023.
             Was an Initiate of Wu Jian.
             Killed from afar by a steam dragon (20 damage)
             ... with a ball of steam
             ... on level 6 of the Dungeon.
             The game lasted 00:09:48 (6674 turns).

LustLizard the Gusty (Octopode Air Elementalist)    Turns: 6674, Time: 00:09:49

Health: -7/59      AC:  1    Str: 18    XL:     9   Next: 6%
Magic:  3/25       EV: 13    Int: 17    God:    Wu Jian [......]
Gold:   256        SH:  0    Dex: 12    Spells: 7/17 levels left

rFire   . .          .
                       - Unarmed
rCold   . . .        (no shield)
rNeg    . . .        (helmet restricted)
rPois   .            (no amulet)
rElec   .            v - ring of magical power
rCorr   .            w - ring of willpower
SInv    .            x - +6 ring of strength
Will    +....        (no ring)
Stlth   +++          (no ring)
HPRegen 0.29/turn    (no ring)
MPRegen 0.19/turn    (no ring)
                     (no ring)

%: no passive effects
@: no status effects
A: almost no armour, amphibious, 8 rings, camouflage 1, gelatinous body 1,
(nimble swimmer 1), tentacles
a: Renounce Religion


You were on level 6 of the Dungeon.
You worshipped Wu Jian.
Wu Jian was noncommittal.
You visited 2 branches of the dungeon, and saw 7 of its levels.
You also visited: Ossuary.

You collected 256 gold pieces.

Inventory:

Missiles
 F - a throwing net
Jewellery
 m - an amulet of faith
 v - a ring of magical power (left tentacle)
 w - a ring of willpower (right tentacle)
 x - a +6 ring of strength (on tentacle)
 B - a ring of protection from fire
Wands
 p - a wand of quicksilver (11)
 q - a wand of roots (7)
 t - a wand of flame (29)
 D - a wand of digging (9)
Scrolls
 b - 3 scrolls of identify
 d - a scroll of blinking {unknown}
 e - a scroll of immolation {unknown}
 f - 2 scrolls of amnesia {unknown}
 j - 2 scrolls of fear {unknown}
 k - 2 scrolls of teleportation {unknown}
 l - a scroll of fog {unknown}
 n - 2 scrolls of silence {unknown}
 r - a scroll of enchant armour {unknown}
 u - a scroll of noise {unknown}
 y - a scroll of enchant weapon {unknown}
Potions
 a - a potion of magic
 c - 6 potions of brilliance
 g - 2 potions of resistance
 h - 3 potions of flight
 i - 2 potions of lignification
 o - 2 potions of curing
 s - a potion of haste
 A - a potion of attraction {unknown}
 C - 2 potions of berserk rage {unknown}
 E - a potion of cancellation {unknown}


   Skills:
 + Level 4.6 Fighting
 - Level 2.0 Dodging
 - Level 4.0 Stealth
 + Level 1.5 Unarmed Combat
 + Level 4.8 Spellcasting
 + Level 4.8 Conjurations
 * Level 7.6 Air Magic


You had 7 spell levels left.
You knew the following spells:

 Your Spells              Type           Power      Damage    Failure   Level
a - Shock                 Conj/Air       100%       1d9       1%          1
b - Static Discharge      Conj/Air       50%        2-5/arc   1%          2
c - Swiftness             Air            30%        N/A       1%          3
d - Airstrike             Air            15%        2d(3-19)  6%          4

Your spell library contained the following spells:

 Spells                   Type           Power      Damage    Failure   Level
 Magic Dart               Conj           80%        1d7       1%          1
 Searing Ray              Conj           40%        2d5       3%          2
 Cigotuvi's Dreadful Rot  Necr/Pois/Air  24%        N/A       8%          2
 Gell's Gravitas          Tloc           4%         N/A       41%         3
 Ignite Poison            Fire/Tmut/Pois 4%         N/A       41%         3
 Ozocubu's Armour         Ice            4%         N/A       41%         3
 Teleport Other           Tloc           4%         N/A       41%         3
 Fulminant Prism          Conj/Hex       6%         3d7       47%         4
 Freezing Cloud           Conj/Ice/Air   9%         6-21      58%         5
 Metabolic Englaciation   Hex/Ice        2%         N/A       99%         5
 Dispersal                Tloc           2%         N/A       100%        6
 Simulacrum               Ice/Necr       2%         N/A       100%        6


Dungeon Overview and Level Annotations

Branches:
Dungeon (6/15)             Temple (1/1) D:6         Ossuary (visited)

Altars:
Ashenzari
Dithmenos
Elyvilon
Fedhas
Gozag
Makhleb
Okawaru
Ru
Sif Muna
Trog
Uskayaw
Vehumet
Wu Jian
Yredelemnul
Zin

Shops:
D:2 ?   D:5 :   D:6 (


Innate Abilities, Weirdness & Mutations

You cannot wear most types of armour.
You are amphibious.
You can wear up to eight rings at the same time.
Your skin changes colour to match your surroundings (Stealth+).
Your rubbery body absorbs attacks. (AC +1, EV +1)
((You are camouflaged when in or above water. (Stealth+)))
You have tentacles for arms and can constrict up to eight enemies at once.


Message History

Aim: a steam dragon (moderately wounded, catching its breath, empty space bonus: 2/8)
The air twists around and strikes the steam dragon.
The steam dragon is heavily wounded.
The steam dragon misses you. The steam dragon barely misses you.
You tentacle-slap the steam dragon but do no damage.
The steam dragon is heavily wounded.
The steam dragon bites you. The steam dragon misses you.
You closely miss the steam dragon.
The steam dragon is heavily wounded.
The steam dragon breathes steam at you. The ball of steam hits you!
* * * LOW HITPOINT WARNING * * *
Unknown command.
The steam dragon completely misses you. The steam dragon misses you.
You feel much better. The steam dragon bites you!
* * * LOW HITPOINT WARNING * * *
The steam dragon completely misses you.
Your magical contamination has completely faded away.
You feel much better. The steam dragon bites you! The steam dragon claws you.
You tentacle-slap the steam dragon but do no damage.
The steam dragon is heavily wounded.
The steam dragon closely misses you. The steam dragon claws you.
* * * LOW HITPOINT WARNING * * *
You closely miss the steam dragon. Your squeeze misses the steam dragon.
The steam dragon is heavily wounded.
The steam dragon misses you. The steam dragon closely misses you.
You tentacle-slap the steam dragon.
The steam dragon is severely wounded.
The steam dragon barely misses you. x2
You barely miss the steam dragon. Your squeeze misses the steam dragon.
The steam dragon is severely wounded.
The steam dragon breathes steam at you. The ball of steam misses you.
The steam dragon misses you. The steam dragon claws you.
* * * LOW HITPOINT WARNING * * *
You tentacle-slap the steam dragon.
The steam dragon is severely wounded.
The steam dragon breathes steam at you. The ball of steam hits you!!
You die...

#.# #.# #.# #.# ####.#
#.# ..##.# #.# #.##.#
#.# .>...# #.# #.#..#
#§# #.#..# #######§#
#.#..#.. ......D@#
#.#..#.# #########
#.#..#.# . #.#..#.# .#
#.#..#.####.##########
#.#).#......#........#
#.#.....†.###.######.#
#.........'.....# #.#
#.#.......###.#.# #.#


You could see a steam dragon (catching breath).

Vanquished Creatures
  A black bear (D:5)
  An ice beast (D:5)
  Blork the orc (D:4)
  12 scorpions
  A jelly (D:6)
  A centaur zombie (Ossuary)
  3 hounds
  A gnoll bouda (D:6)
  3 human zombies (Ossuary)
  A sleepcap (D:4)
  Ijyb (D:4)
  2 orc wizards
  2 iguanas
  4 scorpion zombies (Ossuary)
  Robin (D:2)
  3 mummies (Ossuary)
  5 adders
  8 gnolls
  2 white imps
  2 ufetubi (D:4)
  A dart slug (D:1)
  7 orcs
  5 ball pythons
  5 endoplasms
  2 giant cockroaches
  3 gnoll zombies (Ossuary)
  13 goblins
  10 hobgoblins
  7 kobolds
  A quokka (D:4)
  4 bats
  6 frilled lizards
  2 goblin zombies (Ossuary)
  A hobgoblin zombie (Ossuary)
  3 kobold zombies (Ossuary)
  An orc zombie (Ossuary)
  5 rats
131 creatures vanquished.

Notes
Turn   | Place    | Note
-------+----------+-------------------------------------------
     0 | D:1      | LustLizard the Octopode Air Elementalist began the quest
                  | for the Orb.
     0 | D:1      | Reached XP level 1. HP: 11/11 MP: 3/3
   133 | D:1      | Reached XP level 2. HP: 17/17 MP: 3/5
   280 | D:1      | Learned a level 2 spell: Static Discharge
   740 | D:1      | Reached XP level 3. HP: 22/22 MP: 4/6
   957 | D:2      | Found Yqio's Magic Scroll Boutique.
  1011 | D:2      | Noticed Robin
  1213 | D:2      | Killed Robin
  1214 | D:2      | Reached skill level 1 in Fighting
  1239 | D:2      | Reached XP level 4. HP: 20/28 MP: 1/7
  1958 | D:3      | Noticed a shining eye
  1959 | D:3      | Found a faded altar of an unknown god.
  1962 | D:3      | Noticed an eye of devastation
  1962 | D:3      | Noticed an eye of devastation
  1962 | D:3      | Noticed a floating eye
  2099 | D:3      | Found a sacrificial altar of Ru.
  2292 | D:3      | Found an opulent altar of Gozag.
  2552 | D:3      | Found a shimmering blue altar of Sif Muna.
  2557 | D:3      | Reached skill level 4 in Air Magic
  2671 | D:4      | Noticed Blork the orc
  2705 | D:4      | Reached XP level 5. HP: 22/33 MP: 0/9
  2796 | D:4      | Learned a level 3 spell: Swiftness
  2964 | D:4      | Killed Blork the orc
  2965 | D:4      | Reached XP level 6. HP: 9/39 MP: 0/10
  3202 | D:4      | Found a blossoming altar of Fedhas.
  3293 | D:4      | Found a bloodstained altar of Trog.
  3293 | D:4      | Noticed Ijyb
  3302 | D:4      | Killed Ijyb
  4020 | D:5      | Entered Level 5 of the Dungeon
  4096 | D:5      | Reached skill level 5 in Air Magic
  4115 | D:5      | Learned a level 4 spell: Airstrike
  4222 | D:5      | Reached XP level 7. HP: 31/45 MP: 3/11
  4229 | D:5      | Found a radiant altar of Vehumet.
  4230 | D:5      | Found a broken altar of Ashenzari.
  4272 | D:5      | Found a basalt altar of Yredelemnul.
  4296 | D:5      | Found a sand-covered staircase.
  4306 | Ossuary  | Entered an ossuary
  4593 | Ossuary  | Reached skill level 6 in Air Magic
  4889 | Ossuary  | Reached XP level 8. HP: 28/52 MP: 8/13
  5462 | Ossuary  | Reached skill level 7 in Air Magic
  5800 | D:5      | Found Odeged's Book Emporium.
  5830 | D:5      | Reached skill level 1 in Unarmed Combat
  6208 | D:6      | Found a staircase to the Ecumenical Temple.
  6224 | D:6      | Reached XP level 9. HP: 59/59 MP: 16/16
  6225 | Temple   | Entered the Ecumenical Temple
  6276 | Temple   | Became a worshipper of the Wu Jian Council
  6369 | D:6      | Found Upnopp's Weapon Boutique.
  6674 | D:6      | Killed from afar by a steam dragon

Illustrated notes

Levels and vault maps discovered:
D:1:      dpeg_arrival_lava_temple_mockup, layout_rooms,
          roderic_cross_of_infinity, chequers_serial_rivers_large_b
D:2:      layout_loops_ring, serial_shops, nicolae_shop_stone,
          minmay_misc_feat_square, minmay_misc_feat_encased,
          minmay_misc_feat_tiny, uniq_robin
D:3:      layout_rooms, kennysheep_orc_sif_temple, nicolae_ru_awakened_eye,
          grunt_gozag_statues, hellmonk_ecumenical_altar_watching_god
D:4:      layout_basic, mainiacjoe_overflow_24_doors, trog_three_pillars_becter,
          uniq_blork_the_orc, uniq_ijyb
D:5:      layout_loops_ring, yredelemnul_altar_generic,
          mainiacjoe_overflow_divided_tiny, chequers_ossuary_entry_cave,
          serial_shops, shop
D:6:      layout_basic, minmay_temple_entry_large_hall, serial_shops,
          nicolae_shop_window_shopping, nicolae_shop_stone,
          nicolae_shop_real_fake_doors, shop, nicolae_shop_back_alley_shop
Temple:   dshaligram_water_room_temple

Skill      XL: |  1  2  3  4  5  6  7  8 |
---------------+-------------------------+-----
Stealth        | 3 4 |  4.0
Fighting       | 1 2 3 4 |  4.6
Air Magic      | 4 5 6 7 |  7.6
Conjurations   | 2 3 4 |  4.8
Spellcasting   | 3 4 |  4.8
Unarmed Combat | 1 |  1.5
Dodging        | |  2.0

Action                     |  1- 3 |  4- 6 |  7- 9 || total
---------------------------+-------+-------+-------++-------
  Melee: Unarmed           |    25 |    27 |    52 ||   104
         Constrict         |    10 |     8 |    10 ||    28
         Tentacles         |     7 |    12 |    16 ||    35
         Punch             |     1 |       |     1 ||     2
   Cast: Shock             |    57 |   101 |   120 ||   278
         Static Discharge  |       |    12 |    34 ||    46
         Airstrike         |       |       |     5 ||     5
    Use: Scroll            |       |     4 |     4 ||     8
         Potion            |       |     1 |     2 ||     3
   Stab: Sleeping          |     1 |       |     1 ||     2
 Armour: Skin              |     2 |     2 |     2 ||     6
  Dodge: Dodged            |    13 |    25 |    61 ||    99
